Map: Ever Dream LE

Players

Zaechus - Winner!

  • Race: Protoss Protoss
  • League: Diamond
  • Spawn Location: 7:00

Reuter

  • Race: Zerg Zerg
  • League: Diamond
  • Spawn Location: 1:00

VOD

Have the link to the VOD?

Description

Time

  • Played on: July 28, 2020, 10:03 p.m.
  • Length: 14:47
Show
View Real Time Build Order
Export as new Build Order

Zaechus Protoss - Winner!

Build Orders: 1 Gate Expand, Carriers 

Get SALT Encoding   

  12  0:00  Probe  
  13  0:12  Probe  
  14  0:19  Pylon  
  14  0:24  Probe  
  15  0:37  Gateway  
  15  0:39  Probe (Chrono Boost)  
  16  0:44  Assimilator  
  16  0:48  Probe (Chrono Boost)  
  17  0:53  Probe (Chrono Boost)  
  18  1:05  Probe  
  19  1:17  Probe  
  20  1:27  Nexus  
  20  1:36  Cybernetics Core  
  20  1:38  Probe  
  21  1:44  Assimilator  
  21  1:51  Probe  
  21  1:54  Pylon  
  22  2:03  Probe (Chrono Boost)  
  23  2:11  Stalker (Chrono Boost)  
  23  2:15  Probe (Chrono Boost), Warp Gate  
  26  2:22  Probe (Chrono Boost)  
  27  2:29  Probe  
  27  2:34  Twilight Council  
  27  2:36  Adept  
  30  2:39  Probe  
  30  2:42  Probe  
  32  2:52  Probe  
  33  3:02  Resonating Glaives (Chrono Boost)  
  33  3:05  Adept  
  35  3:14  Probe x2  
  35  3:18  Gateway  
  37  3:20  Gateway  
  37  3:26  Probe x2  
  39  3:38  Probe x2, Shield Battery  
  41  3:45  Pylon  
  41  3:48  Pylon  
  41  3:50  Probe x2  
  44  4:02  Probe  
  44  4:03  Probe  
  44  4:08  Adept  
  47  4:14  Adept  
  47  4:15  Probe x2  
  47  4:16  Adept  
  53  4:17  Nexus  
  53  4:27  Probe x2  
  53  4:31  Stargate  
  55  4:33  Assimilator  
  55  4:35  Stargate  
  55  4:36  Assimilator  
  55  4:39  Probe x2  
  57  4:51  Probe x2  
  59  5:03  Probe x2  
  61  5:15  Probe  
  61  5:17  Probe  
  59  5:22  Pylon  
  59  5:25  Charge  
  59  5:27  Probe (Chrono Boost)  
  54  5:28  Robotics Facility  
  54  5:29  Probe (Chrono Boost)  
  54  5:31  Probe (Chrono Boost)  
  56  5:36  Protoss Air Weapons Level 1 (Chrono Boost)  
  56  5:37  Pylon  
  56  5:39  Probe (Chrono Boost)  
  56  5:40  Probe (Chrono Boost)  
  56  5:41  Probe (Chrono Boost)  
  56  5:42  Pylon  
  59  5:46  Zealot  
  59  5:47  Zealot  
  59  5:49  Sentry  
  65  5:53  Probe (Chrono Boost)  
  65  5:54  Probe (Chrono Boost)  
  65  5:55  Probe (Chrono Boost), Phoenix  
  70  5:57  Phoenix  
  72  6:06  Probe (Chrono Boost)  
  72  6:10  Pylon  
  72  6:11  Probe x2 (Chrono Boost), Assimilator  
  75  6:13  Pylon  
  75  6:16  Assimilator  
  75  6:17  Probe  
  76  6:19  Probe, Gateway  
  76  6:20  Probe, Phoenix, Gateway  
  76  6:22  Phoenix  
  76  6:23  Pylon  
  76  6:25  Gateway  
  82  6:30  Probe, Immortal (Chrono Boost)  
  82  6:31  Probe  
  82  6:32  Probe  
  89  6:41  Zealot  
  89  6:42  Zealot x2, Probe  
  89  6:43  Probe  
  89  6:44  Probe  
  89  6:47  Phoenix x2  
  102  7:01  Probe  
  102  7:02  Probe, Immortal  
  102  7:03  Probe  
  109  7:11  Phoenix  
  109  7:12  Phoenix  
  113  7:27  Zealot  
  113  7:28  Zealot x5  
  125  7:39  Pylon  
  125  7:43  Nexus, Pylon  
  125  7:44  Pylon  
  125  7:45  Forge, Templar Archives  
  125  7:46  Pylon  
  125  7:53  Fleet Beacon  
  125  7:57  Probe x3  
  128  8:09  Probe x2  
  126  8:27  Phoenix x2  
  126  8:33  High Templar x6  
  142  8:36  Protoss Ground Weapons Level 1 (Chrono Boost)  
  142  8:39  Psionic Storm  
  142  8:49  Gateway  
  142  8:52  Gateway x2  
  142  8:53  Protoss Air Weapons Level 2 (Chrono Boost), Gateway  
  142  8:55  Gateway x2  
  142  8:56  Gateway  
  142  8:58  Gateway  
  142  8:59  Gateway  
  142  9:01  Assimilator  
  142  9:02  Archon, Gateway  
  142  9:05  Pylon, Assimilator  
  142  9:17  Zealot x5  
  142  9:18  Zealot  
  154  9:25  Immortal  
  158  9:34  Stargate  
  158  9:37  Stargate  
  158  9:40  Stargate  
  154  10:04  Immortal  
  154  10:06  Carrier x2  
  170  10:14  Zealot  
  170  10:15  Zealot x4  
  180  10:24  Pylon  
  180  10:26  Pylon  
  180  10:39  Pylon  
  180  10:42  Carrier  
  186  10:44  Carrier, Observer  
  193  10:51  Archon  
  193  10:52  Archon  
  195  11:00  Mothership  
  197  11:11  High Templar  
  197  11:12  Protoss Ground Weapons Level 2 (Chrono Boost)  
  193  11:19  Observer  
  194  11:34  Protoss Air Weapons Level 3  
  180  11:40  Zealot x5  
  180  11:41  Zealot x4  
  180  11:42  Zealot  
  180  11:43  Zealot  
  184  12:06  Nexus  
  182  12:09  Unknown  
  182  12:10  Zealot x4  
  182  12:11  Zealot x5  
  182  12:13  Pylon  
  186  12:44  High Templar x5  
  174  12:45  High Templar x5  
  174  12:46  High Templar x3  
  174  12:47  High Templar  
  190  13:04  Zealot x2  
  188  13:16  Carrier (Chrono Boost), Archon x2  
  200  13:26  Carrier x2 (Chrono Boost)  
  200  13:35  Archon x2  
Show
View Real Time Build Order
Export as new Build Order

Reuter Zerg 

Build Orders: Hatch First 

Get SALT Encoding   

  12  0:01  Drone  
  13  0:13  Overlord  
  13  0:17  Drone  
  14  0:31  Drone x2  
  16  0:36  Drone  
  17  0:52  Hatchery  
  17  0:56  Drone  
  17  0:59  Drone  
  18  1:11  Extractor  
  18  1:15  Spawning Pool  
  18  1:18  Drone  
  17  1:22  Drone  
  18  1:29  Drone  
  19  1:44  Overlord  
  19  1:52  Drone  
  20  2:02  Queen  
  20  2:04  Queen  
  20  2:05  Zergling x2  
  20  2:06  Zergling x2  
  26  2:12  Metabolic Boost  
  26  2:16  Drone x2  
  29  2:22  Drone  
  29  2:30  Drone  
  29  2:34  Drone  
  31  2:37  Drone  
  31  2:41  Queen  
  34  2:55  Hatchery  
  33  3:12  Overlord x2  
  31  3:24  Drone x4  
  31  3:25  Drone  
  36  3:31  Zergling x4  
  38  3:44  Drone x2  
  38  3:45  Drone x3  
  43  3:48  Drone  
  43  3:50  Roach Warren  
  43  3:52  Drone  
  43  3:53  Overlord x2, Extractor  
  43  3:55  Drone  
  44  3:56  Drone  
  44  3:58  Drone  
  46  4:09  Drone, Spore Crawler x2  
  45  4:10  Drone  
  45  4:13  Queen  
  48  4:25  Overlord x2  
  48  4:35  Evolution Chamber  
  48  4:37  Drone  
  48  4:38  Drone  
  49  4:40  Lair  
  49  4:41  Evolution Chamber  
  49  4:45  Roach x3  
  54  4:46  Roach  
  55  4:54  Roach  
  55  4:55  Roach x2  
  56  5:00  Queen  
  55  5:17  Drone x2  
  55  5:18  Drone x2  
  49  5:28  Drone  
  46  5:29  Drone  
  47  5:47  Drone x6  
  53  5:57  Drone x3  
  53  5:58  Drone  
  57  6:09  Overseer  
  57  6:25  Drone x2  
  59  6:27  Drone x3  
  59  6:30  Drone  
  59  6:31  Extractor  
  62  6:33  Drone  
  62  6:34  Spire, Drone x3  
  62  6:37  Drone x2  
  62  6:38  Drone  
  62  6:39  Extractor  
  67  6:40  Drone  
  68  6:48  Drone x3  
  68  6:49  Drone x2  
  73  6:58  Overlord  
  73  7:12  Overlord  
  73  7:13  Overlord  
  73  7:15  Queen x2  
  73  7:22  Extractor  
  76  7:23  Drone x3  
  76  7:25  Drone x3  
  76  7:27  Overlord x4  
  82  7:46  Mutalisk x6  
  82  7:49  Mutalisk  
  96  8:01  Pneumatized Carapace  
  96  8:05  Drone  
  96  8:06  Drone x4  
  96  8:09  Extractor  
  96  8:12  Mutalisk x2  
  85  8:33  Corruptor x3  
  91  8:38  Queen  
  93  8:42  Corruptor  
  93  8:43  Corruptor  
  97  8:54  Drone x2  
  97  8:55  Drone  
  100  9:04  Zerg Flyer Weapons Level 1  
  100  9:09  Hatchery  
  99  9:11  Spore Crawler  
  99  9:12  Drone x2  
  100  9:18  Corruptor x3  
  100  9:19  Corruptor  
  108  9:29  Overlord  
  108  9:30  Overlord x2  
  108  9:35  Corruptor x2  
  112  9:41  Drone  
  112  9:44  Drone  
  114  9:49  Corruptor x2  
  114  10:03  Queen  
  116  10:10  Drone x4  
  116  10:11  Drone x2  
  116  10:12  Corruptor x3  
  116  10:13  Corruptor  
  130  10:17  Zerg Melee Weapons Level 1  
  130  10:27  Queen  
  132  10:41  Infestation Pit  
  128  10:46  Zergling x42  
  139  10:59  Queen  
  139  11:04  Zerg Ground Armor Level 1  
  139  11:17  Drone x2  
  141  11:25  Spine Crawler  
  141  11:28  Zergling x18  
  141  11:29  Zergling x2  
  136  11:34  Hive  
  124  11:41  Zergling x24  
  123  11:53  Overlord  
  112  11:56  Zergling x2  
  112  11:57  Zergling x4  
  113  12:04  Zergling x2  
  113  12:05  Zergling x12  
  109  12:22  Zergling x18  
  97  12:41  Zergling x2  
  97  12:42  Zergling x24  
  107  12:52  Zergling x6  
  73  13:28  Greater Spire  
  66  13:46  Zergling x24  
Tags
 
Add a new tag
Caveats
  • Supply blocks, unpowered buildings, or Contaminate may cause inaccurate times.
  • Supply counts are checked every 10 seconds.